 Dungeon Crawl Stone Soup version 0.28.0-43-g3370ac3207 (webtiles) character file.

Game seed: 1609641245050007742

20026 sking99 the Carver (level 12, -7/105 HPs)
             Began as a Green Draconian Gladiator on Mar 13, 2022.
             Was a High Priest of Nemelex Xobeh.
             Mangled by a hornet (11 damage)
             ... created by a shambling mangrove
             ... on level 3 of the Lair of Beasts.
             The game lasted 00:28:46 (15570 turns).

sking99 the Carver (Green Draconian Gladiator)     Turns: 15570, Time: 00:28:48

Health: -7/105     AC: 14    Str: 21    XL:     12   Next: 41%
Magic:  19/19      EV: 12    Int:  8    God:    Nemelex Xobeh [*****.]
Gold:   884        SH: 10    Dex: 14    Spells: 11/11 levels left

rFire   . . .      SeeInvis .   k - +4 long sword (vamp)
rCold   . . .      Faith    .   t - +0 kite shield
rNeg    . . .      Spirit   .   (armour unavailable)
rPois   +          Reflect  .   b - +0 hat
rElec   .          Harm     .   l - +2 cloak
rCorr   +          Rampage  .   f - +1 pair of gloves
Will    +....                   h - +0 pair of boots
Stlth   +.........              (no amulet)
HPRegen 0.27/turn               i - ring of willpower
MPRegen 0.16/turn               y - ring of resist corrosion

@: slowed, very slow
A: breathe noxious fumes, AC +8, unfitting armour, poison resistance,
cold-blooded
a: Breathe Noxious Fumes, Renounce Religion, Draw Escape, Draw Destruction, Draw
Summoning, Triple Draw, Deal Four, Stack Five


You were on level 3 of the Lair of Beasts.
You worshipped Nemelex Xobeh.
Nemelex Xobeh was extremely pleased with you.
You visited 2 branches of the dungeon, and saw 14 of its levels.
You also visited: Bailey.

You collected 1157 gold pieces.
You spent 273 gold pieces at shops.

Inventory:

Hand Weapons
 k - a +4 vampiric long sword (weapon)
Missiles
 c - 5 throwing nets (quivered)
Armour
 b - a +0 hat (worn)
 f - a +1 pair of gloves (worn)
 h - a +0 pair of boots (worn)
 l - a +2 cloak (worn)
 t - a +0 kite shield (worn)
 M - a +0 tower shield of protection
Jewellery
 i - a ring of willpower (left hand)
 x - a +6 ring of intelligence
 y - a ring of resist corrosion (right hand)
 C - a ring of willpower
Wands
 g - a wand of acid (18)
 o - a wand of charming (4)
 r - a wand of flame (29)
 w - a wand of polymorph (17)
 F - a wand of mindburst (5)
Scrolls
 d - 6 scrolls of teleportation
 m - a scroll of vulnerability
 p - a scroll of magic mapping
 u - 2 scrolls of blinking {unknown}
 B - 6 scrolls of identify
 D - a scroll of holy word {unknown}
 G - a scroll of noise {unknown}
 H - a scroll of fear {unknown}
 I - a scroll of enchant weapon
 J - 2 scrolls of fog {unknown}
 L - a scroll of torment {unknown}
 N - a scroll of enchant armour
 P - a scroll of summoning {unknown}
Potions
 a - a potion of haste {unknown}
 e - 2 potions of heal wounds
 j - 3 potions of curing
 n - 4 potions of brilliance {unknown}
 q - 2 potions of mutation {unknown}
 s - 2 potions of might {unknown}
 v - a potion of ambrosia {unknown}
 A - 5 potions of lignification {unknown}
 K - a potion of resistance {unknown}
 O - a potion of invisibility {unknown}
Miscellaneous
 z - a piece from Xom's chessboard (15/15)
 E - a phial of floods


   Skills:
 + Level 9.5 Fighting
 - Level 14.0 Long Blades
 - Level 2.1 Throwing
 - Level 5.2 Dodging
 + Level 8.2 Shields
 + Level 10.1 Invocations


You had 11 spell levels left.
You didn't know any spells.
Your spell library contained the following spells:

 Spells                   Type           Power      Damage    Failure   Level
 Foxfire                  Conj/Fire      0%         2x1d4     71%         1
 Magic Dart               Conj           0%         1d3       71%         1
 Slow                     Hex            0%         N/A       71%         1
 Sting                    Tmut/Pois      0%         1d3       71%         1
 Poisonous Vapours        Pois/Air       0%         N/A       85%         2
 Searing Ray              Conj           0%         2d4       85%         2
 Call Canine Familiar     Summ           0%         N/A       97%         3
 Confusing Touch          Hex            0%         N/A       97%         3
 Conjure Flame            Conj/Fire      0%         6-21      97%         3
 Inner Flame              Hex/Fire       0%         N/A       97%         3
 Summon Guardian Golem    Hex/Summ       0%         N/A       97%         3
 Vampiric Draining        Necr           0%         2d6       97%         3
 Cause Fear               Hex            0%         N/A       100%        4
 Flame Wave               Conj/Fire      0%         2d4       100%        4
 Fulminant Prism          Conj/Hex       0%         3d6       100%        4
 Olgreb's Toxic Radiance  Pois           0%         N/A       100%        4
 Discord                  Hex            0%         N/A       100%        8
 Animate Armour           Summ/Erth      Unusable   N/A       N/A         4

Dungeon Overview and Level Annotations

Branches:
Dungeon (11/15)            Temple (0/1) D:7            Lair (3/6) D:9
  Snake (0/4) Lair:3          Orc (0/2) D:9          Bailey (visited)
  Swamp: Lair:2-4    Shoals: Lair:2-4

Altars:
Ashenzari
Dithmenos
Fedhas
Gozag
Hepliaklqana
Nemelex Xobeh
Okawaru
Ru
Trog
Uskayaw
Vehumet
Yredelemnul
The Shining One

Shops:
D:6 ?   D:7 *   D:10 !


Innate Abilities, Weirdness & Mutations

You can breathe blasts of noxious fumes.
Your lurid green scales are hard. (AC +8)
You cannot fit into any form of body armour.
Your system is resistant to poisons. (rPois)
You are cold-blooded and may be slowed by cold attacks.


Message History

The hornet is almost dead.
You feel sick. The hornet closely misses you. You block the hornet's attack.
The hornet stings you but does no damage.
The hornet stings you.
* * * LOW HITPOINT WARNING * * *
You are more poisoned.
You feel yourself slow down. The hornet closely misses you.
You feel yourself speed up.
You feel extremely sick. The hornet closely misses you. The hornet stings you.
* * * LOW HITPOINT WARNING * * *
You feel yourself slow down.
You feel better. The hornet stings you.
* * * LOW HITPOINT WARNING * * *
You feel as though you will be slow longer.
The hornet stings you but does no damage. x2
The hornet barely misses you.
You hit the hornet.
You feel better.
The hornet is severely wounded.
You block the hornet's attack. x2; The hornet stings you!
* * * LOW HITPOINT WARNING * * *
The hornet closely misses you.
You slash the hornet!
You kill the hornet!
You block the hornet's attack.
You closely miss the hornet.
The hornet is almost dead.
The hornet stings you!
* * * LOW HITPOINT WARNING * * *
You block the hornet's attack. The hornet stings you.
* * * LOW HITPOINT WARNING * * *
You feel as though you will be slow longer.
The hornet closely misses you.
You barely miss the hornet.
The hornet is almost dead.
The hornet stings you!
* * * LOW HITPOINT WARNING * * *
The hornet stings you!
You die...
Your body glows slightly and disappears.

#.....#.##.....###≈P≈..P.##
#.....###......##≈≈≈P.P≈≈♣#
##...##.###....##♣.♣♣.♣♣..#
#####..##......#≈P♣...♣≈≈#
#....##..........>...).
#.#...........#.≈♣...♣≈♣#
#........#....#≈≈♣♣.♣♣≈.#
#....(yy.##..#.P≈..≈≈≈≈#
#P....#@###..##P≈P.PP≈##
##....### #..(####.#####
##... #.....#..## # ##..
##.....##.P# ###
##.......#.##
####...........# #
#.#..........PP# #
##...###......## # ##...##
###....## #


You could see 2 hornets.

Vanquished Creatures
  A shambling mangrove (Lair:3)
  A hydra (Lair:1)
  A two-headed ogre (Lair:3)
  A mana viper (D:10)
  An ugly thing (D:10)
  2 black mambas
  Maggie (D:6)
  6 cane toads
  A rime drake (Lair:2)
  2 polar bears
  A troll (D:10)
  A raiju (Lair:3)
  3 blink frogs (Lair:2)
  A hornet (Lair:3)
  A shadow (D:10)
  A spriggan (D:10)
  Sigmund (D:6)
  27 yaks
  A wyvern (D:9)
  2 basilisks
  A golden eye (Lair:3)
  2 nagas (Lair:3)
  An acid dragon (D:9)
  8 water moccasins
  4 ice beasts
  6 orc warriors
  A sky beast (Lair:3)
  A black bear (D:5)
  A necrophage (D:10)
  3 wolves (Lair:2)
  2 centaurs
  A phantom (D:5)
  6 kobold brigands (Bailey)
  8 bullfrogs
  A gnoll sergeant (D:6)
  2 scorpions
  A water moccasin zombie (D:7)
  A wyvern skeleton (D:7)
  9 killer bees
  8 wights
  4 howler monkeys
  2 electric eels
  8 centaur zombies
  A human zombie (D:10)
  4 bullfrog zombies
  2 bullfrog skeletons
  3 jellies
  5 orc priests
  A hound (D:5)
  2 gnoll shamans (D:4)
  2 iguanas
  14 orc wizards
  A killer bee zombie (D:9)
  A hound zombie (D:5)
  A mummy (D:10)
  2 howler monkey zombies
  23 gnolls
  8 adders
  A shadow imp (D:8)
  An ufetubus (D:7)
  4 worms
  The ghost of NoScrollMutBadDesign the Shield-Bearer, a weakling DDFi (D:6)
  2 dart slugs (D:1)
  25 orcs
  7 endoplasms
  6 giant cockroaches
  9 goblins
  9 hobgoblins
  9 quokkas
  7 ball pythons
  7 bats
  5 frilled lizards (D:1)
  17 kobolds
  5 rats
322 creatures vanquished.

Vanquished Creatures (others)
  10 fungi
  22 plants
32 creatures vanquished.

Grand Total: 354 creatures vanquished

Notes
Turn   | Place    | Note
-------+----------+-------------------------------------------
     0 | D:1      | sking99 the Draconian Gladiator began the quest for the
                  | Orb.
     0 | D:1      | Reached XP level 1. HP: 17/17 MP: 1/1
   309 | D:1      | Reached XP level 2. HP: 25/25 MP: 2/2
   525 | D:1      | Reached XP level 3. HP: 30/30 MP: 3/3
  1133 | D:2      | Found a faded altar of an unknown god.
  1414 | D:2      | Reached skill level 4 in Long Blades
  1634 | D:3      | Reached XP level 4. HP: 38/38 MP: 4/4
  2128 | D:3      | Reached XP level 5. HP: 30/45 MP: 5/5
  2563 | D:3      | Reached skill level 5 in Long Blades
  3006 | D:4      | Found a shadowy altar of Dithmenos.
  3187 | D:4      | Found a sparkling altar of Nemelex Xobeh.
  3234 | D:4      | Reached XP level 6. HP: 38/52 MP: 6/6
  3578 | D:4      | Reached skill level 6 in Long Blades
  3651 | D:4      | Found a hazy altar of Hepliaklqana.
  3798 | D:4      | Got the Tome of Articulation
  3799 | D:4      | Found a sacrificial altar of Ru.
  3894 | D:4      | Became a worshipper of Nemelex Xobeh the Trickster
  3917 | D:5      | Entered Level 5 of the Dungeon
  3964 | D:5      | Found a bloodstained altar of Trog.
  4014 | D:5      | Noticed an ice beast
  4030 | D:5      | Killed an ice beast
  4031 | D:5      | Your scales start taking on a lurid green colour.
  4031 | D:5      | Reached XP level 7. HP: 50/60 MP: 7/7
  4031 | D:5      | Gained mutation: Your system is resistant to poisons.
                  | (rPois) [Green Draconian growth]
  4109 | D:5      | Reached skill level 1 in Invocations
  4127 | D:5      | Found a broken altar of Ashenzari.
  4345 | D:5      | Found a radiant altar of Vehumet.
  4399 | D:5      | Reached skill level 5 in Fighting
  4585 | D:5      | Reached skill level 7 in Long Blades
  5204 | D:6      | Reached * piety under Nemelex Xobeh
  5239 | D:6      | Noticed Maggie
  5250 | D:6      | Reached XP level 8. HP: 64/69 MP: 9/9
  5255 | D:6      | Killed Maggie
  5314 | D:6      | Found a runed translucent door.
  5314 | D:6      | Noticed NoScrollMutBadDesign's ghost (weakling DDFi)
  5373 | D:6      | Reached skill level 8 in Long Blades
  5480 | D:6      | Found Zappich's Magic Scroll Boutique.
  5485 | D:6      | Bought a scroll of magic mapping for 42 gold pieces
  5628 | D:6      | Noticed Sigmund
  5643 | D:6      | Killed Sigmund
  5644 | D:6      | Reached skill level 5 in Dodging
  5866 | D:6      | Received a gift from Nemelex Xobeh
  6198 | D:6      | Killed NoScrollMutBadDesign's ghost
  6473 | D:6      | Reached XP level 9. HP: 50/78 MP: 12/12
  6661 | D:7      | Found a staircase to the Ecumenical Temple.
  6788 | D:7      | Found an iron altar of Okawaru.
  6902 | D:7      | Found Piysh's Neck Hole.
  6915 | D:7      | Reached skill level 1 in Shields
  6938 | D:7      | Bought a +2 cloak for 231 gold pieces
  7007 | D:7      | Found a blossoming altar of Fedhas.
  7020 | D:7      | Reached skill level 9 in Long Blades
  7225 | D:7      | Received a gift from Nemelex Xobeh
  7226 | D:7      | Reached ** piety under Nemelex Xobeh
  7322 | D:7      | Reached skill level 5 in Invocations
  7755 | D:8      | Found a flagged portal.
  7764 | Bailey   | Entered a bailey
  8031 | Bailey   | Reached skill level 10 in Long Blades
  8096 | Bailey   | Found a bloodstained altar of Trog.
  8131 | D:8      | HP: 2/72 [wight/+2 battleaxe of freezing (2)]
  8717 | D:8      | Reached XP level 10. HP: 77/82 MP: 14/14
  8959 | D:8      | Received a gift from Nemelex Xobeh
  9032 | D:9      | Found a staircase to the Lair.
  9762 | D:9      | Reached skill level 11 in Long Blades
  9808 | D:9      | Found a staircase to the Orcish Mines.
 10066 | D:9      | Found an opulent altar of Gozag.
 10067 | D:9      | Found an opulent altar of Gozag.
 10067 | D:9      | Found an opulent altar of Gozag.
 10072 | D:9      | Found an opulent altar of Gozag.
 10214 | D:10     | Entered Level 10 of the Dungeon
 10214 | D:10     | Reached *** piety under Nemelex Xobeh
 10484 | D:10     | You fall into a shaft and drop 1 floor!
 10505 | D:10     | Reached skill level 5 in Shields
 10685 | D:10     | Found a hide-covered altar of Uskayaw.
 10885 | D:10     | Found a glowing golden altar of the Shining One.
 11065 | D:10     | Found a basalt altar of Yredelemnul.
 11115 | D:10     | Reached skill level 12 in Long Blades
 11210 | D:10     | Reached XP level 11. HP: 90/92 MP: 15/17
 11375 | D:10     | Noticed Harold
 11380 | D:10     | Noticed Harold
 11380 | D:10     | Harold changed into Harold the mana viper
 11387 | D:10     | Killed Harold the mana viper
 11480 | D:10     | Found Zownuec's Distillery.
 11538 | D:10     | Noticed a green ugly thing
 11555 | D:10     | Killed a green ugly thing
 11993 | Lair:1   | Entered Level 1 of the Lair of Beasts
 12091 | Lair:1   | Received a gift from Nemelex Xobeh
 12455 | Lair:1   | Noticed a seven-headed hydra
 12460 | Lair:1   | Killed a seven-headed hydra
 12811 | Lair:2   | Reached **** piety under Nemelex Xobeh
 12822 | Lair:2   | Received a gift from Nemelex Xobeh
 12882 | Lair:2   | Reached skill level 13 in Long Blades
 13764 | Lair:2   | Received a gift from Nemelex Xobeh
 14138 | Lair:3   | Noticed a two-headed ogre
 14138 | Lair:3   | a torpor snail changed into a two-headed ogre
 14146 | Lair:3   | Killed a two-headed ogre
 14169 | Lair:2   | Reached XP level 12. HP: 44/103 MP: 19/19
 14393 | Lair:3   | Found a staircase to the Snake Pit.
 14785 | Lair:3   | Received a gift from Nemelex Xobeh
 14951 | Lair:3   | Reached skill level 14 in Long Blades
 15083 | Lair:3   | Reached ***** piety under Nemelex Xobeh
 15301 | Lair:3   | Received a gift from Nemelex Xobeh
 15549 | Lair:3   | Noticed a shambling mangrove
 15549 | Lair:3   | an oklob plant changed into a shambling mangrove
 15560 | Lair:3   | Killed a shambling mangrove
 15561 | Lair:3   | Reached skill level 10 in Invocations
 15570 | Lair:3   | HP: 4/105 [hornet[a shambling mangrove] (8)]
 15570 | Lair:3   | Mangled by a hornet

Illustrated notes

Levels and vault maps discovered:
D:1:      dpeg_arrival_shelter, layout_basic
D:2:      layout_basic, ebering_ecumenical_altar_mist
D:3:      minmay_octagon_keep, layout_basic
D:4:      minmay_diamond_boxcup, layout_rooms, nzn_hepliaklqana_mist_gate,
          hangedman_ru_absence, nemelex_altar_shiori,
          nicolae_dithmenos_through_a_glass_darkly, kennysheep_generic_room_16
D:5:      layout_basic, trog_book, mainiacjoe_overflow_boulevard,
          evilmike_ruin_ashenzari, minmay_tree_intersection,
          kennysheep_flooded_box, amethyst_killhole, nrook_loot_triangle
D:6:      layout_basic, hellmonk_ghost_happy_afterlife, serial_shops,
          nicolae_shop_stone, st_stairs_3, serial_bayou_lagoon_a,
          nicolae_concentric_dashed_squares_wild, minivault_27, uniq_sigmund,
          uniq_maggie
D:7:      layout_layer_cave, okawaru_ov_weapons_minmay,
          mainiacjoe_overflow_brackets, minmay_temple_entry_trees,
          nicolae_shop_sticking_my_neck_out
D:8:      layout_rooms, enter_bailey_7
D:9:      layout_gridville, nicolae_gozag_conspicuous_consumption,
          dpeg_oklobed_lair, david_orc_2
D:10:     layout_stronghold, tso_altar, lemuel_mausoleum_altar_yredelemnul,
          nicolae_uskayaw_murder_on_the_dancefloor, serial_shops,
          nicolae_shop_trees, uniq_harold
D:11:     layout_layer_cave, special_room [special_room_bee]
Lair:1:   layout_cave_shapes
Lair:2:   layout_cave_pods, serial_bayou_shore_a
Lair:3:   layout_hall_layers, guppyfry_snake_entry_garden, lemuel_fruit_fields,
          lemuel_fruit_tree

Skill      XL: |  1  2  3  4  5  6  7  8  9 10 11 12 |
---------------+-------------------------------------+-----
Throwing       | 2 |  2.1
Fighting       | 3 4 5 6 7 8 9 |  9.5
Long Blades    | 4 5 6 7 8 10 12 13 14 | 14.0
Dodging        | 3 4 5 |  5.2
Invocations    | 2 4 6 8 9 10 | 10.1
Shields        | 3 5 7 8 |  8.2

Action                   |  1- 3 |  4- 6 |  7- 9 | 10-12 || total
-------------------------+-------+-------+-------+-------++-------
Melee: Long sword        |    98 |   166 |   308 |   655 ||  1227
       Tailslap          |    10 |    32 |    42 |   104 ||   188
       Punch             |     1 |       |     2 |       ||     3
Throw: Throwing net      |     2 |       |       |       ||     2
Invok: Draw Destruction  |       |       |     4 |    15 ||    19
 Abil: Breathe Noxious F |       |       |     8 |     3 ||    11
  Use: Scroll            |       |     3 |     7 |       ||    10
       Potion            |       |       |     1 |     2 ||     3
 Stab: Sleeping          |     3 |     4 |     1 |     3 ||    11
       Confused          |       |       |     4 |     2 ||     6
       Distracted        |       |       |     1 |       ||     1
Armor: Skin              |    28 |    53 |   127 |   255 ||   463
Dodge: Dodged            |    54 |    80 |   236 |   283 ||   653
Block: Kite shield       |       |       |   120 |   363 ||   483
